 Dungeon Crawl Stone Soup version 0.20.1-1-g8b1a95d (webtiles) character file.

140 Jazqa the Skirmisher (level 5, -4/44 HPs)
             Began as a Barachi Fighter on Oct 30, 2017.
             Killed by nerve-wracking pain
             ... invoked by Grinder
              (8 damage)
             ... on level 3 of the Dungeon.
             The game lasted 00:03:30 (2057 turns).

Jazqa the Skirmisher (Barachi Fighter)              Turns: 2057, Time: 00:03:31

Health: -4/44      AC:  9    Str: 22    XL:     5   Next: 22%
Magic:  9/9        EV:  7    Int:  8    God:
Gold:   79         SH: 10    Dex: 17    Spells: 4/4 levels left

rFire    . . .     SeeInvis .   a - +0 long sword
rCold    . . .     Gourm    .   c - +0 shield
rNeg     . . .     Faith    .   b - +0 scale mail
rPois    .         Spirit   .   l - +0 Maxwell's etheric cage {RegenMP+ *Contam rElec MP+4}
rElec    +         Reflect  .   (no cloak)
rCorr    .         Harm     .   o - +0 pair of gloves
MR       .....                  (no boots)
Stlth    ..........             (no amulet)
Regen    0.2/turn               X - +4 ring of dexterity (curse)
MPRegen  0.2/turn               (no ring)

@: mighty, slow
A: +LOS, swims, slowness 1, strong legs 1
a: Hop


You were on level 3 of the Dungeon.
You were not hungry.

You visited 1 branch of the dungeon, and saw 3 of its levels.

You collected 79 gold pieces.


Innate Abilities, Weirdness & Mutations

Shadows flee at your approach. (+LOS)
You can swim through water.
You cover ground slowly.
You can hop short distances.


   Skills:
 + Level 5.4 Fighting
 + Level 4.8 Long Blades
 - Level 3.6 Armour
 - Level 3.2 Shields


You had 4 spell levels left.
You didn't know any spells.

Inventory:

Hand Weapons
 a - a +0 long sword (weapon)
Armour
 b - a +0 scale mail (worn)
 c - a +0 shield (worn)
 l - the +0 Maxwell's etheric cage (worn) {RegenMP+ *Contam rElec MP+4}
   (You took it off Robin on level 2 of the Dungeon)

   It insulates you from electricity.
   It affects your magic capacity (+4).
   It causes magical contamination when unequipped.
 o - a +0 pair of gloves (worn)
Jewellery
 X - a cursed +4 ring of dexterity (left hand)
Scrolls
 e - a scroll of enchant weapon {unknown}
 g - a scroll of random uselessness {unknown}
 i - a scroll of noise {unknown}
Potions
 j - a potion of brilliance {unknown}
 m - a potion of invisibility {unknown}
Comestibles
 f - 2 bread rations {@e1}
 k - 2 royal jellies {@e3}
 n - a chunk of flesh

Dungeon Overview and Level Annotations

Branches:
Dungeon (3/15)

Altars:
Elyvilon

Annotations:
D:3 Grinder

############
#############...........
........5......#########
#######@#####.# #.# #.#
#.# #.# ..# #.# ### #.#
#.####### #.......#
#######.#### #.....


You could see Grinder.


Message History

Grinder gestures at you. Pain shoots through your body!
* * * LOW HITPOINT WARNING * * *
Unknown command.
You feel very mighty all of a sudden. Grinder hits you.
* * * LOW HITPOINT WARNING * * *
Unknown command.
You closely miss Grinder.
Grinder is moderately wounded.
You block Grinder's attack.
Your shield prevents you from hitting Grinder.
Grinder is moderately wounded.
Grinder hits you.
* * * LOW HITPOINT WARNING * * *
You writhe in agony.
* * * LOW HITPOINT WARNING * * *
You block Grinder's attack.
You closely miss Grinder.
Grinder is moderately wounded.
Grinder barely misses you.
You slash Grinder!
Grinder is heavily wounded.
Grinder blinks!
You slash Grinder!
Grinder is almost dead.
Grinder hits you but does no damage. Grinder gestures at you.
Pain shoots through your body!
You die...

Skill      XL: |  1  2  3  4 |
---------------+-------------+-----
Long Blades    | 3 4 |  4.8
Fighting       | 4 5 |  5.4
Armour         | |  3.6
Shields        | |  3.2

Action                   |  1- 3 |  4- 6 || total
-------------------------+-------+-------++-------
Melee: Long sword        |   136 |    97 ||   233
  Use: Potion            |       |     2 ||     2
  Eat: Chunk             |     1 |     4 ||     5
Armor: Scale mail        |    79 |    32 ||   111
Dodge: Dodged            |    51 |    36 ||    87
Block: Shield            |    83 |    45 ||   128
       Rpst.: Long sword |    20 |    10 ||    30

Vault maps used:
D:1:      evilmike_arrival_plus, minmay_split_cup_small
D:2:      elyvilon_altar_4, uniq_terence, uniq_robin
D:3:      nicolae_ru_path_of_blood, nicolae_overflow_crystal_walls,
          uniq_sigmund, uniq_grinder

Notes
Turn   | Place    | Note
-------+----------+-------------------------------------------
     0 | D:1      | Jazqa the Barachi Fighter began the quest for the Orb.
     0 | D:1      | Reached XP level 1. HP: 18/18 MP: 1/1
   100 | D:1      | Reached XP level 2. HP: 25/25 MP: 2/2
   119 | D:1      | Reached skill level 3 in Long Blades
   136 | D:1      | Reached skill level 4 in Fighting
   299 | D:1      | Reached XP level 3. HP: 20/30 MP: 3/3
   912 | D:2      | Reached skill level 4 in Long Blades
   912 | D:2      | Reached XP level 4. HP: 23/38 MP: 4/4
  1082 | D:2      | Noticed Robin
  1108 | D:2      | Killed Robin
  1313 | D:2      | Reached skill level 5 in Fighting
  1675 | D:2      | Noticed Terence
  1694 | D:2      | Killed Terence
  1694 | D:2      | Reached XP level 5. HP: 42/44 MP: 5/5
  1704 | D:2      | Found a white marble altar of Elyvilon.
  2049 | D:3      | Noticed Grinder
  2054 | D:3      | HP: 4/44 [Grinder (5)]
  2057 | D:3      | Killed from afar by Grinder

Vanquished Creatures
  Terence (D:2)
  Robin (D:2)
  4 adders (D:2)
  A worm (D:2)
  2 dart slugs
  A leopard gecko (D:1)
  6 bats
  2 giant cockroaches (D:2)
  11 goblins
  12 hobgoblins
  3 jackals (D:1)
  A quokka (D:3)
  A ball python (D:1)
  2 frilled lizards (D:2)
  5 kobolds
  4 rats
57 creatures vanquished.

Vanquished Creatures (others)
  A quokka (D:2)
1 creature vanquished.

Grand Total: 58 creatures vanquished
